 Dungeon Crawl Stone Soup version 0.31-a0-345-g1ebeae05c6 (webtiles) character file.

Game seed: 16808377516056805380

5706 Gelion the Mimic (level 10, -20/100 HPs)
             Began as a Troll Shapeshifter on July 22, 2023.
             Was an Initiate of Gozag.
             Demolished by a white ugly thing (31 damage)
             ... on level 9 of the Dungeon.
             The game lasted 00:17:42 (7309 turns).

Gelion the Mimic (Troll Shapeshifter)               Turns: 7309, Time: 00:17:43

Health: -20/100    AC:  4    Str: 25    XL:     10   Next: 48%
Magic:  9/9        EV: 15    Int:  4    God:    Gozag
Gold:   863        SH:  5    Dex: 14    Spells: 9/9 levels left

rFire   . .          .
                       - Unarmed
rCold   . . .        (no shield)
rNeg    . . .        a - +0 animal skin
rPois   .            (helmet currently unavailable)
rElec   .            (cloak currently unavailable)
rCorr   +            (gloves unavailable)
SInv    +            (boots unavailable)
Will    .....        e - amulet of reflection
Stlth   +            g - ring of the Treeataur {rCorr SInv}
HPRegen 1.16/turn    w - +5 ring of evasion
MPRegen 0.11/turn

%: reflection
@: beast-form
A: beast (slay +7), large, unfitting armour, claws 3, regeneration 1, shaggy fur
1, tough skin 1
a: Begin Untransformation, Renounce Religion, Potion Petition, Call Merchant,
Bribe Branch


You were on level 9 of the Dungeon.
You worshipped Gozag.
Gozag was pleased with you.
You were a hulking beast.
You visited 2 branches of the dungeon, and saw 10 of its levels.
You also visited: Sewer, Ossuary and Bailey.

You collected 1530 gold pieces.
You paid 667 gold pieces to Gozag.

Inventory:

Missiles
 y - a throwing net
Armour
 a - a +0 animal skin (worn)
 d - a scarf of invisibility
 l - a +1 cloak of poison resistance
 v - +2 storm dragon scales
Jewellery
 e - an amulet of reflection (around neck)
 g - the ring of the Treeataur (left claw) {rCorr SInv}
   (You acquired it on level 1 of the Dungeon)

   [ring of resist corrosion]

   SInv:      It lets you see invisible.
   rCorr:     It protects you from acid and corrosion.
 w - a +5 ring of evasion (right claw)
 x - an amulet of guardian spirit
Talismans
 c - a beast talisman
Wands
 k - a wand of roots (26)
 t - a wand of charming (5)
Scrolls
 p - a scroll of fear
 q - 2 scrolls of identify
 r - 2 scrolls of silence
 s - a scroll of blinking
 z - a scroll of amnesia
Potions
 b - 2 potions of lignification
 f - a potion of heal wounds
 h - 8 potions of curing
 i - 2 potions of might
 j - 3 potions of magic
 m - 4 potions of brilliance
 n - 4 potions of berserk rage
 o - 2 potions of haste
 u - 2 potions of ambrosia


   Skills:
 + Level 6.6 Fighting
 - Level 1.5 Dodging
 + Level 8.4 Unarmed Combat
 * Level 10.0 Shapeshifting


You had 9 spell levels left.
You didn't know any spells.
Your spell library contained the following spells:

 Spells                   Type           Power      Damage    Failure   Level
 Freeze                   Ice            0%         1d3       50%         1
 Shock                    Conj/Air       0%         1d3       50%         1
 Frozen Ramparts          Ice            0%         1d1       86%         3
 Hailstorm                Conj/Ice       0%         3d3       86%         3
 Swiftness                Air            0%         N/A       86%         3
 Airstrike                Air            0%         2d(0-16)  99%         4


Dungeon Overview and Level Annotations

Branches:
Dungeon (9/15)             Temple (1/1) D:6           Sewer (visited)
Ossuary (visited)          Bailey (visited)
   Lair: D:8-11         Orc: D:9-12

Altars:
Ashenzari
Cheibriados
Dithmenos
Elyvilon
Fedhas
Gozag
Hepliaklqana
Kikubaaqudgha
Makhleb
Nemelex Xobeh
Okawaru
Qazlal
Ru
Sif Muna
Trog
Uskayaw
Vehumet
Wu Jian
Xom
Yredelemnul
Zin
The Shining One
Lugonu

Shops:
D:7 :   D:8 =

Portals:
Abyss: D:4

Annotations:
D:3 2 transporters, serozhah1's ghost, weakling TrIE
D:5 3 runed translucent doors, AwFulAwFulPlayer's ghost, novice HuFi
Temple 2 transporters


Innate Abilities, Weirdness & Mutations

You are a hulking beast.
Your limbs bulge with bestial killing power. (Slay +7)
You are too large for most types of armour.
You have claws for hands.
Your natural rate of healing is unusually fast.
You are covered in fur. (AC +1)
You have tough skin. (AC +1)


Message History

Found a trident.
There is an open door here.
You see here a +0 trident.
You open the door.
There is an open door here.
There is an open door here.
You open the door.
There is an open door here.
Found a stone staircase leading down.
There is a stone staircase leading down here.
A white ugly thing comes into view.
The white ugly thing gurgles horribly!
There is a stone staircase leading down here.
You closely miss the white ugly thing. The white ugly thing barely misses you.
You claw the white ugly thing!
The white ugly thing is lightly wounded.
The white ugly thing punches you! The white ugly thing freezes you!!
You barely miss the white ugly thing.
The white ugly thing is lightly wounded.
The white ugly thing barely misses you.
You closely miss the white ugly thing.
The white ugly thing is lightly wounded.
The white ugly thing punches you! The white ugly thing freezes you!
You scratch the white ugly thing.
The white ugly thing is moderately wounded.
The white ugly thing punches you but does no damage.
You claw the white ugly thing!
The white ugly thing is heavily wounded.
You claw the white ugly thing!
The white ugly thing is severely wounded.
The white ugly thing punches you! The white ugly thing freezes you!!
* * * LOW HITPOINT WARNING * * *
You scratch the white ugly thing.
The white ugly thing is severely wounded.
The white ugly thing punches you but does no damage.
You feel much better. The white ugly thing punches you!
* * * LOW HITPOINT WARNING * * *
The white ugly thing freezes you!!
You die...
Your body crumbles into a pile of gold.

##..# .###.....#
########..#######+#.#.......#
......#..)....##....#.......#
......#.......##....#.......#
......#.......##....#....##.#
......'.......##....#....##.#
###########'#####'###.......#
............................#
..###...........hu..........#
..............#####.........#
..............# #.........#
......(.......# #.........#
..............# #.........#
..............# #....####.#
................ ...... .#
################ ####... ..#
...#


You could see a white ugly thing.

Vanquished Creatures
  A two-headed ogre (D:9)
  5 yaks (D:8)
  A wyvern (D:9)
  Grum (D:8)
  A water moccasin (D:5)
  An acid dragon (D:9)
  A black bear (D:3)
  5 orc warriors
  3 ice beasts
  2 ogres
  A sky beast (D:6)
  3 wolves (D:7)
  2 phantoms (D:6)
  6 centaurs
  A bullfrog (D:7)
  A gnoll sergeant (D:7)
  4 scorpions
  3 wights
  6 orc priests
  2 hounds (D:6)
  A human zombie (Ossuary)
  Crazy Yiuf (D:2)
  4 jellies
  A sleepcap (D:7)
  6 iguanas
  A gnoll bouda (D:5)
  8 orc wizards
  A hell rat (Sewer)
  3 mummies (Ossuary)
  21 gnolls
  8 adders
  4 river rats
  2 shadow imps (D:8)
  A white imp (D:7)
  3 worms
  2 dart slugs
  39 orcs
  8 ball pythons
  3 bats
  11 endoplasms
  5 giant cockroaches
  A gnoll zombie (Ossuary)
  6 goblins
  13 hobgoblins
  3 jackals (D:1)
  6 kobolds
  4 quokkas
  13 frilled lizards
  3 goblin zombies (Ossuary)
  A kobold zombie (Ossuary)
  2 orc zombies (Ossuary)
  19 rats
254 creatures vanquished.

Vanquished Creatures (others)
  A lurking horror (D:4)
1 creature vanquished.

Grand Total: 255 creatures vanquished

Notes
Turn   | Place    | Note
-------+----------+-------------------------------------------
     0 | D:1      | Gelion the Troll Shapeshifter began the quest for the Orb.
     0 | D:1      | Reached XP level 1. HP: 18/18 MP: 0/0
    36 | D:1      | Reached skill level 1 in Fighting
    53 | D:1      | Reached XP level 2. HP: 27/27 MP: 1/1
   256 | D:1      | Reached XP level 3. HP: 33/33 MP: 2/2
   472 | D:1      | Identified 2 scrolls of acquirement
   472 | D:1      | Acquired 790 gold pieces
   474 | D:1      | Acquired the ring of the Treeataur {rCorr SInv}
   886 | D:2      | Found a runed translucent door.
   887 | D:2      | Noticed Crazy Yiuf
   892 | D:2      | Killed Crazy Yiuf
   893 | D:2      | Reached XP level 4. HP: 42/42 MP: 3/3
   983 | D:3      | Reached skill level 4 in Shapeshifting
  1059 | D:3      | Noticed a black bear
  1071 | D:3      | Killed a black bear
  1072 | D:3      | Reached XP level 5. HP: 25/50 MP: 4/4
  1114 | D:3      | Found a transporter.
  1117 | D:3      | Noticed serozhah1's ghost (weakling TrIE)
  1140 | D:3      | Found a transporter.
  1159 | D:3      | Reached XP level 6. HP: 59/59 MP: 5/5
  1285 | D:3      | Found a faded altar of an unknown god.
  1286 | D:3      | Found a hazy altar of Hepliaklqana.
  1314 | D:3      | Found an iron altar of Okawaru.
  2027 | D:4      | Reached skill level 5 in Shapeshifting
  2083 | D:4      | Found a glowing golden altar of the Shining One.
  2083 | D:4      | Found a faded altar of an unknown god.
  2090 | D:4      | Found a hide-covered altar of Uskayaw.
  2092 | D:4      | Found a faded altar of an unknown god.
  2094 | D:4      | Found a sacrificial altar of Ru.
  2350 | D:4      | Reached XP level 7. HP: 61/67 MP: 6/6
  2490 | D:4      | Found a corrupted altar of Lugonu.
  2491 | D:4      | Found a one-way gate to the infinite horrors of the Abyss.
  2626 | D:5      | Entered Level 5 of the Dungeon
  2695 | D:5      | Found a runed translucent gate.
  2696 | D:5      | Noticed a yak
  2741 | D:5      | Reached skill level 5 in Unarmed Combat
  2754 | D:5      | Found a sand-covered staircase.
  2759 | D:5      | Reached skill level 6 in Shapeshifting
  2786 | Ossuary  | Entered an ossuary
  2852 | Ossuary  | Reached XP level 8. HP: 73/78 MP: 7/7
  3108 | D:5      | Found a glowing drain.
  3124 | Sewer    | Entered a sewer
  3255 | D:5      | Found a runed translucent gate.
  3257 | D:5      | Found a runed translucent gate.
  3260 | D:5      | Noticed AwFulAwFulPlayer's ghost (novice HuFi)
  3582 | D:5      | Found a white marble altar of Elyvilon.
  3942 | D:6      | Found an ornate altar of the Wu Jian Council.
  3997 | D:6      | Found a staircase to the Ecumenical Temple.
  4013 | Temple   | Found a transporter.
  4013 | Temple   | Found a transporter.
  4013 | Temple   | Found a transporter.
  4013 | Temple   | Found a transporter.
  4013 | Temple   | Entered the Ecumenical Temple
  4038 | D:6      | Reached skill level 7 in Shapeshifting
  4320 | D:6      | Reached XP level 9. HP: 82/87 MP: 8/8
  4632 | D:7      | Reached skill level 5 in Fighting
  4651 | D:7      | Found a flagged portal.
  4712 | Bailey   | Entered a bailey
  4777 | Bailey   | Reached skill level 8 in Shapeshifting
  4982 | Bailey   | Identified the +11 short sword of Utuen {heavy, *Noise rN+
                  | rCorr Int+3}
  5138 | D:7      | Noticed a walking frostbound tome
  5142 | D:7      | Found Enotwus's Book Shop.
  5143 | D:7      | Noticed a walking earthen tome
  5778 | D:8      | Found the +5 robe of Misfortune {Harm *Corrode *Slow EV+5}
  5794 | D:8      | Noticed Grum
  5885 | D:7      | Reached skill level 9 in Shapeshifting
  5951 | D:8      | Killed Grum
  6067 | D:8      | Found an opulent altar of Gozag.
  6267 | D:8      | Became a worshipper of Gozag Ym Sagoz the Greedy
  6342 | D:8      | Reached XP level 10. HP: 81/98 MP: 9/9
  6623 | D:8      | Found a shadowy altar of Dithmenos.
  7091 | D:9      | Noticed a two-headed ogre
  7099 | D:9      | Killed a two-headed ogre
  7149 | D:9      | Reached skill level 10 in Shapeshifting
  7273 | D:9      | Noticed a white ugly thing
  7307 | D:9      | HP: 3/100 [white ugly thing (28)]
  7309 | D:9      | Demolished by a white ugly thing

Illustrated notes

Levels and vault maps discovered:
D:1:      tarquinn_simple_flora_water_d, layout_rooms, serial_park_tiny_1,
          chequers_serial_rivers_marsh
D:2:      layout_rooms, uniq_crazy_yiuf_cottage
D:3:      layout_loops_ring, beargit_hepliaklqana_dungeon_heroes,
          okawaru_metal_pillars_1_2, gammafunk_ghost_stat_death
D:4:      layout_loops_corners, chequers_temple_overflow_minitemple,
          chequers_serial_rivers_small_a, amcnicky_altar_lugonu_corruption
D:5:      cheibrodos_iron_armory, layout_cave_pools, elyvilon_altar_5,
          gammafunk_ghost_split, nicolae_ossuary_entry_false_entrances,
          portal_sewer_entry_c, chequers_big_river, minmay_lizard_king
D:6:      layout_basic, overflow_temple_1_default, temple_fountains,
          interstate_on_off
D:7:      layout_loops_corners, enter_bailey_4, serial_shops,
          nicolae_shop_mannequins
D:8:      layout_layer_cave, nicolae_gozag_seed_capital,
          grunt_dithmenos_shadows, uniq_grum
D:9:      cheibrodos_frozen_isle, layout_stronghold
Temple:   hellmonk_temple_divided_pantheon

Skill      XL: |  1  2  3  4  5  6  7  8  9 10 |
---------------+-------------------------------+-----
Fighting       | 1 2 3 4 6 |  6.6
Shapeshifting  | 4 5 6 7 9 10 | 10.0
Unarmed Combat | 4 5 6 7 8 |  8.4
Dodging        | |  1.5

Action                     |  1- 3 |  4- 6 |  7- 9 | 10-12 || total
---------------------------+-------+-------+-------+-------++-------
  Melee: Unarmed           |    81 |   134 |   345 |    38 ||   598
         Punch             |     1 |     2 |    10 |       ||    13
 Invoke: Call Merchant     |       |       |       |     1 ||     1
  Evoke: Wand              |       |       |       |     3 ||     3
    Use: Scroll            |     5 |     3 |    11 |     2 ||    21
         Potion            |       |       |     2 |     2 ||     4
   Stab: Sleeping          |     1 |     1 |     1 |       ||     3
 Armour: Animal skin       |    24 |    26 |    56 |     6 ||   112
  Dodge: Dodged            |    31 |    50 |   167 |    26 ||   274
  Block: Other             |     7 |    18 |    62 |    12 ||    99
         Reflection        |     1 |       |     2 |     2 ||     5

Table legend: (Time is in decaauts)
 A = Elapsed time spent in this place.
 B = Non-inter-level travel time spent in this place.
 C = Inter-level travel time spent in this place.
 D = Time resting spent in this place.
 E = Time spent auto-exploring this place.
 F = Levels seen in this place.
 G = Mean time per level.
                   A        B        C        D        E       F      G
               +--------+--------+--------+--------+--------+-----+--------+
         Total |   7249 |   6703 |    546 |    171 |   5071 |  13 |  557.6 |
       Dungeon |   6507 |   5961 |    546 |    127 |   4693 |   9 |  723.0 |
        Temple |      1 |      1 |      0 |      0 |      0 |   1 |    1.0 |
         Sewer |    117 |    117 |      0 |      0 |     53 |   1 |  117.0 |
       Ossuary |    306 |    306 |      0 |     41 |    161 |   1 |  306.0 |
        Bailey |    315 |    315 |      0 |      3 |    164 |   1 |  315.0 |
               +--------+--------+--------+--------+--------+-----+--------+

Top non-repeatable levels by time:
     D:8: 1059 daAuts
     D:7: 1037 daAuts
     D:4: 996 daAuts
     D:5: 774 daAuts
     D:3: 731 daAuts
     D:6: 605 daAuts
     D:1: 495 daAuts
     D:2: 470 daAuts
     D:9: 336 daAuts
  Bailey: 315 daAuts
 Ossuary: 306 daAuts
   Sewer: 117 daAuts
  Temple: 1 daAuts
